[Event "Early-Titled-Tuesday-Blitz-November-28-2023"]
[Site "Chess.com"]
[Date "2023.11.28"]
[Round "9"]
[White "GoValya"]
[Black "esrosenberg"]
[Result "0-1"]
[WhiteElo "2215"]
[BlackElo "2391"]
[TimeControl "180+1"]
[EndTime "9:50:30 PST"]
[Termination "esrosenberg won by resignation"]

1. d4 d5 2. g3 Nf6 3. Bg2 c6 4. Nf3 Bf5 5. O-O h6 6. Nbd2 e6 7. c4 Nbd7 8. Re1 Be7 9. b3 O-O 10.
Bb2 a5 11. Rc1 a4 12. bxa4 Qa5 13. Nh4 Bh7 14. e4 Nxe4 15. Nxe4 dxe4 16. Bxe4 Bxh4 17. gxh4 Qxa4 18. Bxh7+ Kxh7 19. Qd3+ Kh8 20. d5 cxd5 21. cxd5 Qxh4 22. dxe6 fxe6 23. Bxg7+ Kxg7 24. Qxd7+ Rf7 25. Qd2 Raf8 26. Re2 Qg4+ 27. Kh1 Qf3+ 28. Kg1 Kh8 29. Rc3 Rg7+ 0-1

[Event "Early-Titled-Tuesday-Blitz-November-28-2023"]
[Site "Chess.com"]
[Date "2023.11.28"]
[Round "9"]
[White "FontVella8"]
[Black "Atousa1"]
[Result "0-1"]
[WhiteElo "2581"]
[BlackElo "2472"]
[TimeControl "180+1"]
[EndTime "9:50:35 PST"]
[Termination "Atousa1 won by resignation"]

1. e4 c5 2. Nf3 e6 3. d4 cxd4 4.
Nxd4 a6 5. Bd3 Bc5 6. Nb3 Be7 7.
O-O d6 8. c4 Nc6 9. Nc3 Nf6 10.
Qe2 O-O 11. f4 Bd7 12. Kh1 Rc8 13. e5 Ne8 14. Bd2 Nb4 15. Rae1 Nxd3 16. Qxd3 Bc6 17. Nd4 dxe5 18. fxe5 Bg5 19. Bf4 Bxf4 20. Rxf4 Qg5 21. Qd2 Bxg2+ 22. Qxg2 Qxf4 23. Qxb7 Rxc4 24. Nf3 Nc7 25.
Ne2 Qe4 26. Qb3 Rb4 27. Qc3 Nd5 28. Ng3 Nxc3 0-1

[Event "Early-Titled-Tuesday-Blitz-November-28-2023"]
[Site "Chess.com"]
[Date "2023.11.28"]
[Round "9"]
[White "ural58"]
[Black "SlavenPastar"]
[Result "1-0"]
[WhiteElo "2478"]
[BlackElo "2625"]
[TimeControl "180+1"]
[EndTime "9:50:37 PST"]
[Termination "ural58 won by checkmate"]

1. e4 b6 2. b3 Bb7 3. Qe2 e6 4. Bb2 d6 5. f4 Nd7 6. Nf3 Ngf6 7. Nc3 e5 8. g3 Be7 9. O-O-O a6 10. h4 h5 11. Bh3 Bc8 12. d4 exf4 13. gxf4 Ng4 14. Ng5 Nf8 15. Nd5 c6 16. Nxe7 Qxe7 17. d5 f6 18. dxc6 fxg5 19. hxg5 Ng6 20. Rhf1 O-O 21. f5 N6e5 22. Bxe5 dxe5 23. Bxg4 Qxg5+ 24. Kb1 hxg4 25. Rh1 b5 26. Qh2 Qh6 27. Qxe5 Qxc6 28. Rd6 Qb7 29.
Rg6 Bxf5 30. Rg5 Qxe4 31. Qxg7# 1-0

[Event "Early-Titled-Tuesday-Blitz-November-28-2023"]
[Site "Chess.com"]
[Date "2023.11.28"]
[Round "9"]
[White "KVAIDAN"]
[Black "Zainullina_Nataliya"]
[Result "1-0"]
[WhiteElo "2355"]
[BlackElo "2188"]
[TimeControl "180+1"]
[EndTime "9:50:39 PST"]
[Termination "KVAIDAN won by checkmate"]

1. f4 d5 2. Nf3 Bg4 3. Ne5 Bh5 4. g4 e6 5. h4 Bg6 6. h5 Be4 7. Rh2 Be7 8. d3 Bh4+ 9. Kd2 Bg3 10. Rh3 Bxf4+ 11.
Ke1 Bxe5 12. dxe4 dxe4 13. Qxd8+ Kxd8 14. Nd2 f5 15. Nc4 Nc6 16. Nxe5 Nxe5 17. gxf5 exf5 18. Bf4 Ng4 19. Rd1+ Kc8 20. Rc3 c6 21. e3 N8f6 22. Bc4 Re8 23. Rd6 Nxh5 24. Bf7 Nxf4 25. Bxe8 Nd5 26. Rxd5 Nf6 27. Re5 Kd8 28. Rc4 Rc8 29. Bf7 g6 30. Rd4+ Kc7 31. Re7+ Kb6 32. Rb4+ Kc5 33. Rexb7 g5 34. Rc4+ Kd6 35. Rd4+ Kc5 36. b4# 1-0

[Event "Early-Titled-Tuesday-Blitz-November-28-2023"]
[Site "Chess.com"]
[Date "2023.11.28"]
[Round "9"]
[White "ljuks68"]
[Black "CristianS27"]
[Result "0-1"]
[WhiteElo "2447"]
[BlackElo "2595"]
[TimeControl "180+1"]
[EndTime "9:50:41 PST"]
[Termination "CristianS27 won by resignation"]

1. e4 e5 2. Nf3 Nc6 3. Bb5 a6 4. Ba4 Nf6 5. Qe2 b5 6. Bb3 Be7 7. c3 O-O 8. d4 d6 9. O-O exd4 10.
cxd4 Bg4 11. Rd1 Re8 12. Nc3 Bf8 13. Bg5 h6 14. Bxf6 Qxf6 15. Nd5 Qd8 16. Rac1 Bd7 17. Nxc7 Qxc7 18. d5 Qb6 19. dxc6 Bxc6 20. Bd5 Rac8 21. Qd3 Be7 22. Bxc6 Rxc6 23. Nd4 Rxc1 24. Rxc1 Bf6 25. Rd1 d5 26. h3 dxe4 27. Qe3 Bg5 28. Qe2 e3 29. f3 Rd8 30. Nc2 Rxd1+ 0-1

[Event "Early-Titled-Tuesday-Blitz-November-28-2023"]
[Site "Chess.com"]
[Date "2023.11.28"]
[Round "9"]
[White "deepfear"]
[Black "Bodhanas"]
[Result "0-1"]
[WhiteElo "1918"]
[BlackElo "2215"]
[TimeControl "180+1"]
[EndTime "9:50:42 PST"]
[Termination "Bodhanas won on time"]

1. e4 e6 2. Nf3 d5 3. e5 c5 4. b4 Nc6 5. bxc5 Bxc5 6. d4 Bb6 7. c3 Nge7 8. Bd3 h6 9. O-O O-O 10. Bc2 Nf5 11. Qd3 Bd7 12. g4 Nce7 13. a4 Rc8 14.
gxf5 Nxf5 15. Kh1 Kh8 16. Rg1 Ba5 17. Rg4 Qc7 18. Nh4 Bxc3 19. Nxc3 Qxc3 20. Qxc3 Rxc3 21. Bxf5 exf5 22. Rf4 g5 23. Rf3 Rfc8 24. Rxc3 Rxc3 25. Bb2 Rc2 26. Ba3 gxh4 27. Kg2 f4 28. Bd6 Bg4 29. Rf1 h3+ 30. Kg1 Bf3 31. Ra1 Rc8 32. Bc5 b6 33. Be7 Be2 34. Bf6+ Kh7 35. f3 Rg8+ 36. Kf2 Rg2+ 37. Ke1 Rg1+ 38. Kxe2 Rxa1 39. Kf2 Rxa4 40.
Be7 Rxd4 0-1

[Event "Early-Titled-Tuesday-Blitz-November-28-2023"]
[Site "Chess.com"]
[Date "2023.11.28"]
[Round "9"]
[White "KorolDimitriy75"]
[Black "Maxfan2008"]
[Result "0-1"]
[WhiteElo "2314"]
[BlackElo "2530"]
[TimeControl "180+1"]
[EndTime "9:50:44 PST"]
[Termination "Maxfan2008 won on time"]

1. d4 d5 2. c4 c6 3. Nc3 Nf6 4. e3 e6 5. Nf3 Nbd7 6. Bd3 dxc4 7. Bxc4 b5 8. Be2 a6 9. e4 b4 10. e5 bxc3 11. exf6 Nxf6 12. bxc3 c5 13. O-O cxd4 14. cxd4 Be7 15. Ne5 O-O 16. Bf3 Nd5 17. Nc6 Qd6 18. Nxe7+ Qxe7 19. Bxd5 exd5 20. Qf3 Qe4 21. Qxe4 dxe4 22.
Ba3 Rd8 23. Bc5 Be6 24. a3 Bc4 25. Rfb1 Bd3 26. Rb6 f6 27. h3 Rab8 28. Rc1 Kf7 29. a4 a5 30. Rc3 f5 31. Kh2 g5 32. Rh6 Rb2 33. Rxh7+ Kg6 34. Ra7 Rxf2 0-1

[Event "Early-Titled-Tuesday-Blitz-November-28-2023"]
[Site "Chess.com"]
[Date "2023.11.28"]
[Round "9"]
[White "elmusmolamas"]
[Black "elchacal664"]
[Result "0-1"]
[WhiteElo "2559"]
[BlackElo "2344"]
[TimeControl "180+1"]
[EndTime "9:50:46 PST"]
[Termination "elchacal664 won by checkmate"]

1. e4 c5 2. Nc3 a6 3. Nge2 b5 4. g3 Bb7 5. Bg2 g6 6. d4 cxd4 7. Qxd4 Nf6 8. Nd5 Bg7 9. Bg5 O-O 10. Bxf6 exf6 11. Qb6 Bxd5 12. Qxd8 Rxd8 13. exd5 d6 14. O-O-O f5 15. Nd4 Bxd4 16. Rxd4 Nd7 17. g4 fxg4 18.
Rxg4 f5 19. Rg3 Re8 20. Bf3 Rac8 21. h4 Kg7 22. h5 Ne5 23. hxg6 hxg6 24. Bd1 Rh8 25.
Rhg1 Rh6 26. f4 Nd7 27. Re1 Nc5 28. Bf3 Nd3+ 29. Kd2 Nxe1 30. Kxe1 Rxc2 31. Bd1 Rh1+ 32. Rg1 Rxg1# 0-1

[Event "Early-Titled-Tuesday-Blitz-November-28-2023"]
[Site "Chess.com"]
[Date "2023.11.28"]
[Round "9"]
[White "Hovik_Hayrapetyan"]
[Black "Grischuk"]
[Result "0-1"]
[WhiteElo "2816"]
[BlackElo "3065"]
[TimeControl "180+1"]
[EndTime "9:50:47 PST"]
[Termination "Grischuk won by resignation"]

1. d4 e6 2. c4 b6 3. Nc3 Bb4 4. e4 Bb7 5. Bd3 f5 6. Qc2 Bxc3+ 7. bxc3 Qh4 8. Nf3 Qg4 9. exf5 Qxg2 10. Rg1 Qxf3 11.
d5 Nf6 12. fxe6 dxe6 13. Rxg7 Nbd7 14. dxe6 Ne5 15. Be2 Qh1+ 16. Bf1 Be4 17. Qa4+ Bc6 18.
Qc2 O-O-O 19. e7 Nd3+ 20. Kd2 Nb4+ 21. exd8=Q+ Rxd8+ 22. Bd3 Rxd3+ 23. Qxd3 Nxd3 0-1

[Event "Early-Titled-Tuesday-Blitz-November-28-2023"]
[Site "Chess.com"]
[Date "2023.11.28"]
[Round "9"]
[White "verrbaa"]
[Black "NovozhilovSemen"]
[Result "0-1"]
[WhiteElo "2474"]
[BlackElo "2706"]
[TimeControl "180+1"]
[EndTime "9:50:50 PST"]
[Termination "NovozhilovSemen won on time"]

1. e4 c5 2. Nf3 Nc6 3. d4 cxd4 4. Nxd4 Nf6 5. Nc3 d6 6. Bc4 Qb6 7. Nb3 e6 8. a4 a6 9. a5 Qc7 10. O-O Nxa5 11. Nxa5 b6 12. Qe2 bxa5 13. Bf4 Nd7 14. Bg3 Be7 15. f4 O-O 16. f5 Ne5 17. Bb3 Bf6 18.
fxe6 fxe6 19. Nd5 exd5 20. Bxd5+ Nf7 21. Bxa8 Qa7+ 22. Kh1 Qxa8 23. Rxa5 Bb7 24. Rxf6 gxf6 25. Qg4+ Kh8 26. Bh4 Ne5 27. Qe6 Qd8 28. Ra3 Bxe4 29.
Rg3 Bg6 30. h3 Kg7 31. b3 Qd7 32. Qd5 Qc6 33. Qd2 Qe4 0-1

[Event "Early-Titled-Tuesday-Blitz-November-28-2023"]
[Site "Chess.com"]
[Date "2023.11.28"]
[Round "9"]
[White "queen_iryna"]
[Black "CraiggoryC"]
[Result "1-0"]
[WhiteElo "2306"]
[BlackElo "2182"]
[TimeControl "180+1"]
[EndTime "9:50:55 PST"]
[Termination "queen_iryna won by resignation"]

1. e4 e6 2. d4 d5 3. Nc3 Bb4 4. Ne2 dxe4 5. a3 Be7 6. g4 c5 7. Bg2 Nc6 8. Bxe4 Nxd4 9. Nxd4 cxd4 10. Ne2 Nf6 11. Bf3 e5 12. g5 Nd7 13. h4 Nc5 14. b4 Ne6 15. Bb2 Qc7 16. c3 Bd7 17. cxd4 exd4 18. Rc1 Qe5 19. Bxb7 Rd8 20. Bxd4 Nxd4 21.
Qxd4 Qxd4 22. Nxd4 O-O 23. O-O h6 24. Nf3 Bg4 25. Kg2 Bxf3+ 26. Bxf3 hxg5 27. hxg5 Bxg5 28.
Rc7 a5 29. bxa5 Rd3 30. a6 Rxa3 31. a7 Bf4 32. Rb7 Ra8 33. Rb4 Bd6 34. Rd4 Bc5 35.
Rc4 Rc8 36. a8=Q Raxa8 37. Bxa8 1-0

[Event "Early-Titled-Tuesday-Blitz-November-28-2023"]
[Site "Chess.com"]
[Date "2023.11.28"]
[Round "9"]
[White "RebecaJimnz"]
[Black "Herman-NY"]
[Result "0-1"]
[WhiteElo "2302"]
[BlackElo "2484"]
[TimeControl "180+1"]
[EndTime "9:50:58 PST"]
[Termination "Herman-NY won by resignation"]

1. e4 c5 2. Nc3 e6 3. g3 a6 4.
Bg2 b5 5. d3 Bb7 6. Be3 Nc6 7.
Qd2 Nf6 8. h3 d5 9. exd5 exd5 10. d4 c4 11. Nge2 h6 12. O-O Be7 13. Nf4 Bb4 14. Nfxd5 Nxd5 15. Bxd5 Bxc3 16. Bxc6+ Bxc6 17. Qxc3 Qd5 18. f3 O-O 19. Bf4 Rfe8 20. Rae1 f6 21.
g4 Kf7 22. Bg3 h5 23. Re3 Rxe3 24. Qxe3 Re8 25. Qf4 Re6 26. c3 h4 27. Bh2 g5 28.
Qc7+ Kg6 29. Qb8 Re2 30. Qh8 Qe6 31. Bd6 Qe3+ 0-1

[Event "Early-Titled-Tuesday-Blitz-November-28-2023"]
[Site "Chess.com"]
[Date "2023.11.28"]
[Round "9"]
[White "ActorXu"]
[Black "Aygehovit1992"]
[Result "1-0"]
[WhiteElo "2848"]
[BlackElo "2728"]
[TimeControl "180+1"]
[EndTime "9:51:03 PST"]
[Termination "ActorXu won by resignation"]

1. e4 c5 2. Nf3 e6 3. d4 cxd4 4. Nxd4 Nc6 5. Nc3 Qc7 6. g3 a6 7.
Bg2 h5 8. O-O h4 9. Re1 Nf6 10.
Nxc6 bxc6 11. e5 Nd5 12. Ne4 Qa5 13. c4 Bb4 14. cxd5 Bxe1 15. Nd6+ Kf8 16. Qf3 f5 17. exf6 g6 18. Qf4 Bxf2+ 19. Kxf2 hxg3+ 20. hxg3 Bb7 21. Qh6+ Rxh6 22. Bxh6+ Kg8 23. f7+ Kh7 24. Rh1 g5 25. Be4+ 1-0

[Event "Early-Titled-Tuesday-Blitz-November-28-2023"]
[Site "Chess.com"]
[Date "2023.11.28"]
[Round "9"]
[White "FMStan15"]
[Black "gpsji27"]
[Result "1-0"]
[WhiteElo "2084"]
[BlackElo "2311"]
[TimeControl "180+1"]
[EndTime "9:51:04 PST"]
[Termination "FMStan15 won by resignation"]

1. e4 e5 2. Nf3 Nc6 3. Bb5 a6 4. Bxc6 dxc6 5. O-O f6 6. d4 Bg4 7. c3 Bd6 8. Be3 Ne7 9. Nbd2 O-O 10. Qb3+ Kh8 11.
Qxb7 Rb8 12. Qxa6 Rxb2 13. Qd3 Ng6 14. a4 exd4 15. cxd4 Nf4 16. Bxf4 Bxf4 17. Rfb1 Rxb1+ 18. Rxb1 c5 19. d5 f5 20. e5 g5 21. e6 c6 22.
Qc3+ Kg8 23. dxc6 Bxf3 24. Nxf3 g4 25. Ne5 Qd6 26. Nd7 Bxh2+ 27. Kh1 Qxe6 28. Kxh2 Rc8 29. Qxc5 Qh6+ 30. Kg1 Rxc6 31. Qd5+ Re6 32. Nc5 Kf7 33.
Qxe6+ Qxe6 34. Nxe6 Kxe6 35. a5 f4 36. a6 f3 37. gxf3 g3 38. fxg3 h5 39. a7 h4 40.
a8=Q Kf5 41. Rb5+ Kg6 42. Qa6+ Kf7 43. Rb7+ 1-0

[Event "Early-Titled-Tuesday-Blitz-November-28-2023"]
[Site "Chess.com"]
[Date "2023.11.28"]
[Round "9"]
[White "BogdanDeac"]
[Black "wadsy27"]
[Result "1-0"]
[WhiteElo "2994"]
[BlackElo "2669"]
[TimeControl "180+1"]
[EndTime "9:51:09 PST"]
[Termination "BogdanDeac won on time"]

1. b3 d5 2. Bb2 Nf6 3. e3 c6 4. c4 Bg4 5. Be2 Bxe2 6. Qxe2 e6 7. Nf3 a5 8. Nc3 Be7 9. O-O O-O 10. d3 Nbd7 11.
Rad1 Qc7 12. Rc1 Qb8 13. Rfd1 Bd6 14. h3 Re8 15. e4 Ne5 16. cxd5 exd5 17. exd5 Nc4 18.
Ne4 Nxe4 19. dxe4 Nxb2 20. Qxb2 Bf4 21. Rc4 b5 22. Rxc6 Rxe4 23. d6 Qb7 24. Qc2 Rae8 25. g3 Bh6 26. d7 1-0

[Event "Early-Titled-Tuesday-Blitz-November-28-2023"]
[Site "Chess.com"]
[Date "2023.11.28"]
[Round "9"]
[White "seopie"]
[Black "vishwa_vijeta"]
[Result "1-0"]
[WhiteElo "2874"]
[BlackElo "2577"]
[TimeControl "180+1"]
[EndTime "9:51:09 PST"]
[Termination "seopie won by resignation"]

1. d4 Nf6 2. c4 g6 3. Nc3 d5 4. Bg5 Ne4 5. Bf4 Nxc3 6. bxc3 Bg7 7. e3 c5 8. Nf3 O-O 9. cxd5 Qxd5 10. Be2 Nc6 11. O-O Rd8 12. Qb3 Be6 13. Qa3 Bg4 14. h3 Bf5 15. Rfd1 cxd4 16. cxd4 Rac8 17. Rac1 Na5 18.
Rxc8 Rxc8 19. Ne5 Be6 20. Qxe7 Qxa2 21. Bf3 Nc6 22. Nxc6 bxc6 23. Qb7 Qb3 24. Qxa7 Bd5 25. Qa6 Rb8 26. Qd3 Bxf3 27. Qxb3 Rxb3 28. gxf3 Rc3 29. Kg2 Kf8 30. Ra1 Bf6 31. Bh6+ Ke7 32. Ra7+ Ke6 33. Bf4 c5 34. Ra6+ Kf5 35. Bg3 cxd4 36. e4+ Kg5 37.
f4+ Kh6 38. Rxf6 Kg7 39. Rd6 1-0

[Event "Early-Titled-Tuesday-Blitz-November-28-2023"]
[Site "Chess.com"]
[Date "2023.11.28"]
[Round "9"]
[White "vi_pranav"]
[Black "FoxOnTheRun97"]
[Result "1-0"]
[WhiteElo "3021"]
[BlackElo "2580"]
[TimeControl "180+1"]
[EndTime "9:51:10 PST"]
[Termination "vi_pranav won on time"]

1. Nf3 Nf6 2. g3 d5 3. Bg2 Bf5 4. O-O e6 5. d3 h6 6. Nbd2 Nbd7 7.
b3 c6 8. Bb2 Bc5 9. Qe1 Bh7 10.
e4 O-O 11. Qe2 a5 12. a3 b5 13. h3 Qc7 14. Kh2 Be7 15. Nd4 Rab8 16. f4 c5 17.
N4f3 c4 18. Bxf6 Bxf6 19. e5 Be7 20. dxc4 bxc4 21. bxc4 dxc4 22. Nxc4 Rfc8 23. Ne3 Qc3 24. f5 Nxe5 25. fxe6 fxe6 26. Rae1 Bf6 27. Nxe5 Bxe5 28. Qg4 Re8 29. Be4 Bxe4 30. Qxe4 Rbd8 31. Re2 Rd2 32. Rff2 Rxe2 33. Rxe2 Bb8 34. Qg6 Qc6 35. Nf5 Bxg3+ 36. Nxg3 Re7 37. Rd2 Qc7 38. Kg2 Qb7+ 39. Qe4 Qc7 40. a4 Re8 41. Ne2 1-0

[Event "Early-Titled-Tuesday-Blitz-November-28-2023"]
[Site "Chess.com"]
[Date "2023.11.28"]
[Round "9"]
[White "Msb2"]
[Black "Elsa167"]
[Result "1-0"]
[WhiteElo "3051"]
[BlackElo "2911"]
[TimeControl "180+1"]
[EndTime "9:51:14 PST"]
[Termination "Msb2 won by checkmate"]

1. d4 Nf6 2. c4 e6 3. Nc3 d5 4.
cxd5 exd5 5. Bg5 Be7 6. e3 O-O 7. Bd3 Re8 8. Nf3 c6 9. Qc2 h6 10. Bf4 a5 11. h3 Na6 12. a3 Nc7 13. O-O Ne6 14. Bh2 Bd6 15. Ne5 Qe7 16. f4 Bd7 17. Kh1 c5 18. Qf2 c4 19. Bc2 b5 20. Qf3 Nc7 21. Ne2 b4 22. axb4 axb4 23. Ng3 b3 24. Nf5 Bxf5 25. Bxf5 Ra2 26. Rxa2 bxa2 27. Ra1 Ra8 28.
Bg3 Nb5 29. Nxc4 Ne4 30. Bxe4 dxe4 31. Qe2 Bc7 32. Qc2 Qb4 33. Be1 Qa4 34. b3 Qa6 35.
Qxe4 Nd6 36. Qc2 g5 37. fxg5 hxg5 38. Bf2 f5 39. Ne5 Qb7 40. Kg1 Ne4 41. Qc4+ Kh8 42. Qf7 Qxb3 43. Ng6# 1-0

[Event "Early-Titled-Tuesday-Blitz-November-28-2023"]
[Site "Chess.com"]
[Date "2023.11.28"]
[Round "9"]
[White "SmirnovTimofey2000"]
[Black "Olya_Oblachko"]
[Result "0-1"]
[WhiteElo "2081"]
[BlackElo "2248"]
[TimeControl "180+1"]
[EndTime "9:51:19 PST"]
[Termination "Olya_Oblachko won by checkmate"]

1. d4 e6 2. Bf4 Nf6 3. e3 c5 4. c3 cxd4 5. exd4 b6 6. Nf3 Bb7 7. Be2 d6 8. h3 Qc7 9. O-O Be7 10.
Nbd2 Nbd7 11. Re1 O-O 12. a4 a6 13. Rc1 Rfe8 14. Bh2 Bc6 15. Qc2 b5 16. axb5 axb5 17.
Ra1 Qb7 18. Qb3 Nd5 19. c4 bxc4 20. Qxb7 Bxb7 21. Nxc4 e5 22. dxe5 dxe5 23. Ncxe5 Nxe5 24. Bxe5 Bb4 25. Rxa8 Bxa8 26. Ra1 f6 27. Bd4 Rxe2 28. Rxa8+ Kf7 29. Ra7+ Kf8 30. Kf1 Rc2 31. Rd7 Nf4 32.
Ra7 Rc1+ 33. Ne1 Rxe1# 0-1

[Event "Early-Titled-Tuesday-Blitz-November-28-2023"]
[Site "Chess.com"]
[Date "2023.11.28"]
[Round "9"]
[White "ViktoriyaTarasova"]
[Black "NowInChess"]
[Result "1-0"]
[WhiteElo "2362"]
[BlackElo "2185"]
[TimeControl "180+1"]
[EndTime "9:51:20 PST"]
[Termination "ViktoriyaTarasova won by checkmate"]

1. d4 Nf6 2. c4 c5 3. d5 b5 4. cxb5 a6 5. bxa6 g6 6. Nc3 Bg7 7. Nf3 O-O 8. e4 Qa5 9. Bd2 Bxa6 10. Be2 e6 11. O-O Bxe2 12. Qxe2 Qa6 13. Qxa6 Nxa6 14. dxe6 fxe6 15. e5 Nd5 16. Nxd5 exd5 17. Rac1 c4 18. b3 Rac8 19. h3 Rfe8 20. Bc3 Nc5 21. bxc4 dxc4 22. Rc2 Nd3 23. Rd1 Rc7 24. Re2 Ra7 25. Kh2 Nf4 26.
Re4 Nd3 27. Rxc4 Nxf2 28. Rd5 Rxa2 29. Rxd7 Re2 30. Rcc7 Bh6 31. Kg3 Ne4+ 32. Kh4 Nxc3 33. Rxc3 Bf4 34. Rcc7 Bxe5 35. Nxe5 R2xe5 36. Rg7+ Kh8 37. Rxh7+ Kg8 38. Rcg7+ Kf8 39. Rxg6 Re4+ 40. g4 Rf4 41.
Rgg7 Re3 42. Ra7 Rff3 43. Rh8# 1-0

[Event "Early-Titled-Tuesday-Blitz-November-28-2023"]
[Site "Chess.com"]
[Date "2023.11.28"]
[Round "9"]
[White "jcibarra"]
[Black "Nikolakis2014"]
[Result "1-0"]
[WhiteElo "2909"]
[BlackElo "2786"]
[TimeControl "180+1"]
[EndTime "9:51:23 PST"]
[Termination "jcibarra won by resignation"]

1. e4 c5 2. Nf3 d6 3. c3 Nf6 4. h3 g6 5. Bd3 Bg7 6. Bc2 O-O 7. O-O Nbd7 8. d4 Qc7 9. Re1 b6 10.
e5 Ne8 11. e6 fxe6 12. Ng5 Ndf6 13. Qe2 cxd4 14. cxd4 Kh8 15. Nc3 Nd5 16. Bb3 Bxd4 17. Nxd5 exd5 18. Qxe7 Bxf2+ 19. Kh2 Qxe7 20. Rxe7 Nf6 21.
Nf7+ Kg8 22. Nh6+ Kh8 23. Nf7+ Kg8 24. Nxd6 Bc5 25. Bf4 Ba6 26. Rd1 Rad8 27. Rxd5 Nxd5 28. Bxd5+ Kh8 29. Be5+ 1-0

[Event "Early-Titled-Tuesday-Blitz-November-28-2023"]
[Site "Chess.com"]
[Date "2023.11.28"]
[Round "9"]
[White "Sofia_Blokhin"]
[Black "MeesvanOsch"]
[Result "0-1"]
[WhiteElo "2274"]
[BlackElo "2412"]
[TimeControl "180+1"]
[EndTime "9:51:23 PST"]
[Termination "MeesvanOsch won on time"]

1. d4 Nf6 2. c4 c5 3. d5 b5 4. cxb5 a6 5. Nc3 axb5 6. e4 b4 7. e5 bxc3 8. exf6 cxb2 9. Bxb2 Qa5+ 10. Qd2 Qxd2+ 11. Kxd2 gxf6 12. Nf3 Bh6+ 13. Ke1 d6 14.
Bd3 Ba6 15. Bf5 Bc4 16. Be4 Rxa2 17. Rxa2 Bxa2 18. Ke2 Bc4+ 19. Kd1 Kd7 20. Kc2 Na6 21. Ra1 Nb4+ 22. Kd1 Bxd5 23. Bf5+ e6 24. Ra7+ Kc6 25. Bxf6 Rg8 26. Bxh7 Rxg2 27. Ke2 Bc4+ 28. Ke1 Nd3+ 29.
Bxd3 Bxd3 30. Rxf7 Be4 31. Bh4 Bxf3 32. Rxf3 Rxh2 33.
Bg3 Rh5 34. Ra3 e5 35. Ra6+ Kd5 36. Ke2 Bf4 0-1

[Event "Early-Titled-Tuesday-Blitz-November-28-2023"]
[Site "Chess.com"]
[Date "2023.11.28"]
[Round "9"]
[White "wonderfultime"]
[Black "Alexander_Donchenko"]
[Result "1/2-1/2"]
[WhiteElo "3084"]
[BlackElo "2911"]
[TimeControl "180+1"]
[EndTime "9:51:24 PST"]
[Termination "Game drawn by repetition"]

1. d4 Nf6 2. c4 g6 3. Nf3 Bg7 4. g3 O-O 5. Bg2 b6 6. O-O Bb7 7. Qc2 c5 8. Rd1 cxd4 9. Nxd4 Bxg2 10. Kxg2 Qc7 11. b3 d5 12. Bb2 dxc4 13. bxc4 Nbd7 14. Nd2 Rac8 15. Rac1 a6 16. Kg1 Nc5 17. N2b3 Nfe4 18.
Nf3 Bxb2 19. Qxb2 Rfd8 20. Qc2 Rxd1+ 21. Rxd1 Rd8 22. Rd4 Rxd4 23. Nbxd4 Nd6 24. Nd2 Nd7 25. Qa4 Nc5 26. Qa3 a5 27. h4 Nce4 28. Nxe4 Nxe4 29.
Qe3 Nd6 30. Nb5 Qxc4 31. Nxd6 exd6 32. Qxb6 Qxa2 33. Qxd6 Qa1+ 34. Kg2 h5 35. e4 a4 36.
e5 a3 37. Qd8+ Kh7 38. Qe7 Qa2 39. e6 Qd5+ 40. Kh2 Qf5 41. exf7 Qxf2+ 42. Kh3 Qf1+ 43. Kh2 Qf2+ 44. Kh3 Qf1+ 45. Kh2 Qf2+ 1/2-1/2

[Event "Early-Titled-Tuesday-Blitz-November-28-2023"]
[Site "Chess.com"]
[Date "2023.11.28"]
[Round "9"]
[White "snowlord"]
[Black "Abund"]
[Result "1-0"]
[WhiteElo "2875"]
[BlackElo "2777"]
[TimeControl "180+1"]
[EndTime "9:51:24 PST"]
[Termination "snowlord won by checkmate"]

1. d4 Nf6 2. c4 e6 3. Nc3 Bb4 4. a3 Bxc3+ 5. bxc3 c5 6. e3 b6 7. f3 Nc6 8. d5 Na5 9. e4 d6 10. Bg5 h6 11. Bh4 e5 12. Ne2 Ba6 13. Nc1 g5 14. Bf2 Qd7 15. Nb3 Nxc4 16. Nd2 Nb2 17. Qc2 Bxf1 18. Rxf1 Na4 19. Nc4 Ke7 20. Rb1 Rhb8 21.
h4 a5 22. Ne3 Rh8 23. c4 Nh5 24. Rb5 Nf4 25. Qxa4 Rhg8 26. hxg5 hxg5 27. g3 Nh3 28. Qb3 a4 29. Qb2 Rab8 30. Nf5+ Kf6 31. Rxb6 Qc7 32. Rb5 Rxb5 33. cxb5 Rb8 34. Rh1 Qa5+ 35. Kf1 Rxb5 36. Rxh3 g4 37. Rh6+ Kg5 38. Be3# 1-0

[Event "Early-Titled-Tuesday-Blitz-November-28-2023"]
[Site "Chess.com"]
[Date "2023.11.28"]
[Round "9"]
[White "Sconko"]
[Black "Kostukov_Alex"]
[Result "1-0"]
[WhiteElo "2301"]
[BlackElo "2393"]
[TimeControl "180+1"]
[EndTime "9:51:26 PST"]
[Termination "Sconko won by resignation"]

1. e4 c5 2. Nc3 g6 3. d4 cxd4 4.
Qxd4 Nf6 5. Nf3 Nc6 6. Qa4 d6 7. e5 dxe5 8. Nxe5 Bg7 9. Bb5 O-O 10. Nxc6 bxc6 11. Bxc6 Rb8 12. O-O Bf5 13. Qxa7 Bxc2 14.
Qa3 Ng4 15. Bf4 e5 16. Bg3 Qb6 17. Nd5 Qxb2 18. Qxb2 Rxb2 19. a4 e4 20. a5 Bd3 21.
Rfc1 Bd4 22. a6 Nxf2 23. a7 Ng4+ 24. Kh1 Bxa7 25. Rxa7 e3 26. h3 Nf2+ 27. Kh2 Rd2 28. Nxe3 Ne4 29. Be5 Re2 30. Ng4 f5 31. Bd5+ 1-0

[Event "Early-Titled-Tuesday-Blitz-November-28-2023"]
[Site "Chess.com"]
[Date "2023.11.28"]
[Round "9"]
[White "Vesper2018"]
[Black "OneTrickPony_82"]
[Result "1-0"]
[WhiteElo "2606"]
[BlackElo "2445"]
[TimeControl "180+1"]
[EndTime "9:51:28 PST"]
[Termination "Vesper2018 won on time"]

1. e4 e5 2. Nf3 Nc6 3. Bb5 a6 4.
Ba4 Nf6 5. O-O Be7 6. Re1 b5 7. Bb3 O-O 8. c3 d5 9. d4 dxe4 10. Nxe5 Nxe5 11. dxe5 Qxd1 12. Bxd1 Nd7 13. Bc2 Nc5 14.
Bxe4 Nxe4 15. Rxe4 Rd8 16. Re1 Bf5 17. Nd2 Rd3 18. Nb3 Rad8 19. Be3 h5 20. Nd4 Be4 21. f3 Bb7 22. a4 c5 23. Nf5 Bf8 24. axb5 axb5 25.
Ra7 R8d7 26. Bg5 c4 27. Be3 g6 28. Nd4 Bc5 29. Ra5 Bc6 30. Kf1 Bxd4 31. Bxd4 Rd2 32. e6 fxe6 33. Rxe6 Bd5 34. Rxg6+ Kh7 35. Rg5 b4 36.
Raxd5 Rxd5 37. Rxd5 b3 38. Rxh5+ Kg6 39. Rc5 Rxb2 40.
Rxc4 Rc2 41. Rc6+ Kf5 42. c4 1-0

[Event "Early-Titled-Tuesday-Blitz-November-28-2023"]
[Site "Chess.com"]
[Date "2023.11.28"]
[Round "9"]
[White "VincentKeymer"]
[Black "Fonsofan"]
[Result "0-1"]
[WhiteElo "3009"]
[BlackElo "2780"]
[TimeControl "180+1"]
[EndTime "9:51:30 PST"]
[Termination "Fonsofan won on time"]

1. a3 b5 2. e4 Bb7 3. Nc3 a6 4.
d4 e6 5. Nf3 Nf6 6. Bd3 c5 7.
e5 Nd5 8. O-O cxd4 9. Nxd4 Nxc3 10. bxc3 Nc6 11. Re1 Qc7 12. Qh5 g6 13. Qh4 Bg7 14.
Bg5 O-O 15. Bf6 d6 16. Bxg6 fxg6 17. Nxe6 Bxf6 18. exf6 Qd7 19. Nxf8 Rxf8 20. Rad1 d5 21. Rd3 Qf7 22. Rf3 d4 23. cxd4 Bc8 24. h3 Bf5 25. g4 Bxc2 26. d5 Nd4 0-1

[Event "Early-Titled-Tuesday-Blitz-November-28-2023"]
[Site "Chess.com"]
[Date "2023.11.28"]
[Round "9"]
[White "mbachez"]
[Black "GMKrikor"]
[Result "0-1"]
[WhiteElo "2576"]
[BlackElo "2783"]
[TimeControl "180+1"]
[EndTime "9:51:30 PST"]
[Termination "GMKrikor won by resignation"]

1. e4 e6 2. d4 d5 3. Nd2 c5 4. Ngf3 cxd4 5. Nxd4 Nf6 6. exd5 Nxd5 7. N2f3 Be7 8. Bd3 Nb4 9. Be2 e5 10. Nb5 a6 11. Qxd8+ Kxd8 12. Na3 N8c6 13. Bd2 Kc7 14. O-O-O Nxa2+ 15. Kb1 Nab4 16. Bc4 f6 17. Be3 b5 18. Bb3 Rd8 19. Kc1 Bf5 20. Nh4 Bg4 21. f3 Bc8 22. Rxd8 Nxd8 23. f4 Ndc6 24. fxe5 Nxe5 25. Re1 Nbc6 26.
Bd5 Bd7 27. Nf3 Rd8 28. Nxe5 Nxe5 29. Be4 g6 30. Bf4 Bd6 31. Rd1 Bc6 32. Bxc6 Nxc6 33. Bxd6+ Rxd6 34. Re1 Ne5 35. Nb1 h5 36. Nd2 Re6 37.
Kd1 Kd7 38. Ne4 Ke7 39. Nc5 Rd6+ 40. Kc1 Kf7 41. Ne4 Rc6 42. Rf1 Ke7 43. Re1 Nd3+ 0-1